[ PARTIDA AOE2 · #505985548 ]
UnrankedJaponeses vs Huns
Equipo del jugador · DERR
Equipo rival · VICT
[ ANÁLISIS DE REPETICIÓN · EXTRAÍDO DE LA PARTIDA GRABADA ]
Feudal
9:00
Castillos
37:55
Imperial
56:53
| APM promedio | 83.9 |
| APM pico | 149 |
| eAPM promedio | 35.0 |
| Aldeanos / militares | 98 / 102 |
Foco
⚔️ 62.1% · 🌾 37.9%
Spearman ×48 · Archer ×33 · Cavalry Archer ×8 · Battering Ram ×5 · Militia ×4 · Mangonel ×2
Feudal
11:26
Castillos
16:28
Imperial
—
| APM promedio | 48.2 |
| APM pico | 97 |
| eAPM promedio | 24.5 |
| Aldeanos / militares | 38 / 57 |
Foco
⚔️ 65.9% · 🌾 34.1%
Tarkan ×32 · Monk ×19 · Scorpion ×6
Mapa de la partida
Recursos iniciales + cada clic de construcción. Líneas = muros · curvas = relieve. ◆ oro · ⬟ piedra · ● bayas · ✦ reliquia · ◌ hueco del cierre
Tu base· Abierta — hueco de 7t
Base de WyoDan2· Abierta — hueco de 4t
Terreno inicial suavizado · ◌ = hueco del cierre detectado · pasá el cursor para detalles
Inputs por minuto
— VL Tou - - WyoDan2
Build order — VL Tou
Primeras 150 de 445 acciones detectadas
| 0:00 | Crear | Villager (Male) |
| 0:01 | Crear | Villager (Male) |
| 0:01 | Crear | Villager (Male) |
| 0:01 | Crear | Villager (Male) |
| 0:02 | Construir | House |
| 0:04 | Construir | House |
| 1:17 | Crear | Villager (Male) |
| 1:18 | Crear | Villager (Male) |
| 1:38 | Crear | Villager (Male) |
| 1:38 | Crear | Villager (Male) |
| 1:48 | Construir | Lumber Camp |
| 2:06 | Crear | Villager (Male) |
| 2:06 | Crear | Villager (Male) |
| 2:37 | Crear | Villager (Male) |
| 2:37 | Crear | Villager (Male) |
| 2:57 | Crear | Villager (Male) |
| 2:57 | Crear | Villager (Male) |
| 3:02 | Construir | Mill |
| 3:31 | Construir | House |
| 3:35 | Crear | Villager (Male) |
| 3:35 | Crear | Villager (Male) |
| 3:47 | Crear | Villager (Male) |
| 3:47 | Crear | Villager (Male) |
| 4:03 | Crear | Villager (Male) |
| 4:19 | Crear | Villager (Male) |
| 4:45 | Crear | Villager (Male) |
| 5:26 | Investigar | Loom |
| 5:31 | Construir | Mining Camp |
| 6:16 | Construir | Barracks |
| 6:50 | Investigar | Feudal Age |
| 6:50 | Investigar | Feudal Age |
| 7:16 | Crear | Militia |
| 7:16 | Crear | Militia |
| 7:30 | Crear | Militia |
| 7:48 | Crear | Militia |
| 8:02 | Construir | House |
| 9:00 | Edad | Edad Feudal |
| 9:03 | Crear | Villager (Male) |
| 9:09 | Construir | Archery Range |
| 9:15 | Investigar | Double-Bit Axe |
| 9:42 | Crear | Villager (Male) |
| 10:06 | Investigar | Man-at-Arms (upgrade) |
| 10:09 | Construir | House |
| 10:22 | Crear | Villager (Male) |
| 10:26 | Crear | Archer |
| 10:35 | Crear | Archer |
| 10:47 | Construir | Mining Camp |
| 10:51 | Crear | Villager (Male) |
| 11:34 | Crear | Archer |
| 11:45 | Crear | Villager (Male) |
| 12:03 | Crear | Villager (Male) |
| 12:17 | Construir | Blacksmith |
| 12:20 | Construir | Mill |
| 12:23 | Crear | Villager (Male) |
| 12:28 | Construir | Watch Tower |
| 12:43 | Crear | Archer |
| 12:50 | Crear | Villager (Male) |
| 12:53 | Construir | Stone Wall |
| 12:54 | Construir | Stone Wall |
| 13:11 | Investigar | Fletching |
| 13:17 | Construir | Farm |
| 13:18 | Construir | Farm |
| 13:18 | Construir | Farm |
| 13:38 | Construir | Stone Wall |
| 13:40 | Construir | Stone Wall |
| 13:41 | Construir | Stone Wall |
| 14:02 | Crear | Villager (Male) |
| 14:06 | Construir | Farm |
| 14:07 | Construir | House |
| 14:13 | Construir | Stone Wall |
| 14:14 | Construir | Stone Wall |
| 14:14 | Construir | Stone Wall |
| 14:15 | Construir | Stone Wall |
| 14:15 | Construir | Stone Wall |
| 14:16 | Construir | Stone Wall |
| 14:17 | Construir | Stone Wall |
| 14:18 | Construir | Stone Wall |
| 14:25 | Crear | Villager (Male) |
| 14:27 | Construir | Farm |
| 14:28 | Construir | Farm |
| 14:32 | Construir | House |
| 14:33 | Construir | Palisade Wall |
| 14:33 | Construir | Palisade Wall |
| 14:34 | Construir | Palisade Wall |
| 14:34 | Construir | Palisade Wall |
| 14:35 | Construir | Palisade Wall |
| 14:35 | Construir | Palisade Wall |
| 14:36 | Construir | Palisade Wall |
| 14:36 | Construir | Palisade Wall |
| 14:44 | Construir | Stone Wall |
| 14:45 | Construir | Stone Wall |
| 14:45 | Construir | Stone Wall |
| 14:46 | Construir | Stone Wall |
| 14:47 | Construir | Stone Wall |
| 14:47 | Construir | Stone Wall |
| 14:48 | Construir | Stone Wall |
| 14:48 | Construir | Stone Wall |
| 15:04 | Crear | Villager (Male) |
| 15:04 | Crear | Archer |
| 15:10 | Construir | Farm |
| 15:12 | Crear | Villager (Male) |
| 15:14 | Construir | Stone Wall |
| 15:34 | Crear | Villager (Male) |
| 15:39 | Construir | Stone Wall |
| 15:40 | Construir | Stone Wall |
| 15:41 | Construir | Stone Wall |
| 15:41 | Construir | Stone Wall |
| 15:59 | Crear | Villager (Male) |
| 16:12 | Crear | Spearman |
| 16:15 | Construir | House |
| 16:48 | Construir | Stone Wall |
| 16:59 | Crear | Villager (Male) |
| 17:12 | Construir | House |
| 17:29 | Crear | Spearman |
| 17:51 | Construir | Stone Wall |
| 17:53 | Construir | Stone Wall |
| 17:55 | Construir | Stone Wall |
| 17:56 | Construir | Stone Wall |
| 17:58 | Construir | Watch Tower |
| 18:01 | Construir | Stone Wall |
| 18:02 | Crear | Spearman |
| 18:13 | Crear | Spearman |
| 18:20 | Construir | Mining Camp |
| 18:22 | Crear | Villager (Male) |
| 18:25 | Crear | Villager (Male) |
| 18:37 | Crear | Villager (Male) |
| 18:39 | Construir | Market |
| 18:42 | Crear | Villager (Male) |
| 19:00 | Crear | Villager (Male) |
| 19:23 | Construir | Watch Tower |
| 19:52 | Crear | Villager (Male) |
| 20:07 | Crear | Villager (Male) |
| 20:22 | Construir | House |
| 20:34 | Crear | Villager (Male) |
| 20:50 | Construir | Lumber Camp |
| 21:01 | Crear | Spearman |
| 21:07 | Construir | Watch Tower |
| 21:54 | Construir | Farm |
| 21:58 | Construir | Watch Tower |
| 22:06 | Crear | Villager (Male) |
| 22:17 | Crear | Spearman |
| 22:31 | Crear | Spearman |
| 22:37 | Crear | Villager (Male) |
| 22:45 | Crear | Villager (Male) |
| 23:08 | Crear | Villager (Male) |
| 23:20 | Crear | Spearman |
| 23:33 | Crear | Villager (Male) |
| 23:53 | Construir | House |
| 23:55 | Construir | House |
| 24:00 | Construir | Stone Wall |
Build order — WyoDan2
Primeras 150 de 176 acciones detectadas
| 0:00 | Crear | Villager (Male) |
| 0:00 | Crear | Villager (Male) |
| 0:18 | Crear | Villager (Male) |
| 0:18 | Crear | Villager (Male) |
| 1:32 | Construir | Lumber Camp |
| 1:35 | Crear | Villager (Male) |
| 2:08 | Crear | Villager (Male) |
| 2:08 | Crear | Villager (Male) |
| 2:35 | Crear | Villager (Male) |
| 2:50 | Crear | Villager (Male) |
| 3:13 | Crear | Villager (Male) |
| 3:32 | Crear | Villager (Male) |
| 4:17 | Crear | Villager (Male) |
| 4:24 | Construir | Mill |
| 4:39 | Crear | Villager (Male) |
| 4:39 | Crear | Villager (Male) |
| 5:08 | Crear | Villager (Male) |
| 5:27 | Crear | Villager (Male) |
| 6:16 | Construir | Mining Camp |
| 6:19 | Construir | Palisade Wall |
| 6:21 | Construir | Palisade Wall |
| 6:23 | Construir | Palisade Wall |
| 6:28 | Construir | Palisade Wall |
| 6:36 | Crear | Villager (Male) |
| 6:36 | Crear | Villager (Male) |
| 6:42 | Crear | Villager (Male) |
| 7:15 | Crear | Villager (Male) |
| 7:17 | Investigar | Loom |
| 7:29 | Construir | Palisade Wall |
| 7:31 | Construir | Palisade Wall |
| 8:04 | Crear | Villager (Male) |
| 8:05 | Investigar | Loom |
| 9:05 | Construir | Palisade Wall |
| 9:07 | Construir | Palisade Wall |
| 9:09 | Construir | Palisade Wall |
| 9:16 | Investigar | Feudal Age |
| 9:16 | Investigar | Feudal Age |
| 9:43 | Construir | Palisade Wall |
| 9:45 | Construir | Palisade Wall |
| 9:48 | Construir | Palisade Wall |
| 9:50 | Construir | Palisade Wall |
| 9:52 | Construir | Palisade Wall |
| 10:00 | Construir | Palisade Wall |
| 10:23 | Construir | Palisade Wall |
| 10:24 | Construir | Palisade Wall |
| 10:25 | Construir | Palisade Wall |
| 10:30 | Construir | Palisade Wall |
| 10:39 | Construir | Palisade Wall |
| 11:01 | Construir | Palisade Wall |
| 11:26 | Edad | Edad Feudal |
| 11:36 | Construir | Palisade Wall |
| 11:39 | Construir | Blacksmith |
| 11:42 | Construir | Market |
| 13:31 | Construir | Palisade Wall |
| 13:48 | Investigar | Castle Age |
| 14:47 | Construir | Palisade Wall |
| 16:10 | Crear | Villager (Male) |
| 16:28 | Edad | Edad de los Castillos |
| 16:37 | Construir | Castle |
| 16:50 | Construir | Palisade Wall |
| 16:51 | Construir | Palisade Wall |
| 16:54 | Construir | Palisade Wall |
| 16:55 | Construir | Palisade Wall |
| 17:11 | Construir | Palisade Wall |
| 17:28 | Construir | Mining Camp |
| 17:47 | Construir | Monastery |
| 17:55 | Construir | Outpost |
| 18:13 | Construir | Farm |
| 18:15 | Construir | Farm |
| 18:26 | Crear | Monk |
| 19:04 | Crear | Monk |
| 19:23 | Crear | Tarkan |
| 20:07 | Crear | Monk |
| 20:17 | Construir | Mining Camp |
| 20:41 | Crear | Tarkan |
| 20:58 | Crear | Monk |
| 21:03 | Crear | Tarkan |
| 21:44 | Crear | Monk |
| 21:46 | Crear | Tarkan |
| 22:03 | Construir | Palisade Wall |
| 22:27 | Crear | Tarkan |
| 23:12 | Construir | Farm |
| 23:13 | Construir | Farm |
| 24:39 | Crear | Tarkan |
| 25:10 | Crear | Monk |
| 25:12 | Construir | Monastery |
| 25:25 | Crear | Villager (Male) |
| 25:29 | Crear | Tarkan |
| 25:29 | Crear | Monk |
| 25:44 | Investigar | Scale Barding Armor |
| 26:00 | Crear | Tarkan |
| 26:45 | Crear | Tarkan |
| 26:50 | Crear | Tarkan |
| 27:11 | Construir | Farm |
| 27:15 | Crear | Villager (Male) |
| 27:20 | Crear | Monk |
| 28:03 | Construir | Farm |
| 28:14 | Crear | Monk |
| 28:18 | Construir | Outpost |
| 28:24 | Construir | Farm |
| 29:00 | Crear | Tarkan |
| 29:10 | Crear | Tarkan |
| 29:14 | Crear | Monk |
| 29:16 | Crear | Monk |
| 29:32 | Crear | Villager (Male) |
| 29:41 | Crear | Monk |
| 29:48 | Construir | Farm |
| 30:18 | Crear | Villager (Male) |
| 30:20 | Crear | Monk |
| 30:54 | Crear | Tarkan |
| 31:48 | Crear | Villager (Male) |
| 31:48 | Crear | Tarkan |
| 32:29 | Crear | Villager (Male) |
| 32:30 | Construir | Farm |
| 32:34 | Construir | Mining Camp |
| 32:48 | Investigar | Sanctity |
| 33:21 | Crear | Tarkan |
| 33:22 | Crear | Villager (Male) |
| 34:01 | Crear | Tarkan |
| 34:18 | Crear | Monk |
| 34:18 | Crear | Villager (Male) |
| 34:20 | Construir | Farm |
| 34:37 | Crear | Monk |
| 34:38 | Crear | Monk |
| 34:44 | Construir | Farm |
| 34:44 | Construir | Farm |
| 34:44 | Construir | Farm |
| 34:54 | Construir | Barracks |
| 35:07 | Crear | Villager (Male) |
| 35:27 | Crear | Tarkan |
| 35:50 | Crear | Tarkan |
| 36:31 | Crear | Tarkan |
| 36:31 | Crear | Monk |
| 36:38 | Crear | Tarkan |
| 36:59 | Investigar | Forging |
| 37:03 | Construir | Stable |
| 37:05 | Crear | Tarkan |
| 37:23 | Crear | Tarkan |
| 37:30 | Construir | Farm |
| 37:32 | Construir | Farm |
| 37:33 | Construir | Farm |
| 38:00 | Crear | Tarkan |
| 38:00 | Crear | Villager (Male) |
| 38:18 | Crear | Villager (Male) |
| 38:37 | Investigar | Bloodlines |
| 38:39 | Crear | Villager (Male) |
| 39:17 | Crear | Villager (Male) |
| 39:38 | Construir | Siege Workshop |
| 39:43 | Crear | Villager (Male) |
| 39:44 | Crear | Tarkan |
Cronología de la partida
| 6:16 | VL Tou · first_building Barracks |
| 6:19 | WyoDan2 · wall_segment Palisade Wall x1 |
| 6:21 | WyoDan2 · wall_segment Palisade Wall x1 |
| 6:23 | WyoDan2 · wall_segment Palisade Wall x2 |
| 6:28 | WyoDan2 · wall_segment Palisade Wall x3 |
| 7:29 | WyoDan2 · wall_segment Palisade Wall x7 |
| 7:31 | WyoDan2 · wall_segment Palisade Wall x4 |
| 9:00 | VL Tou · age_up feudal |
| 9:05 | WyoDan2 · wall_segment Palisade Wall x1 |
| 9:07 | WyoDan2 · wall_segment Palisade Wall x1 |
| 9:09 | WyoDan2 · wall_segment Palisade Wall x1 |
| 9:09 | VL Tou · first_building Archery Range |
| 9:43 | WyoDan2 · wall_segment Palisade Wall x1 |
| 9:45 | WyoDan2 · wall_segment Palisade Wall x1 |
| 9:48 | WyoDan2 · wall_segment Palisade Wall x1 |
| 9:50 | WyoDan2 · wall_segment Palisade Wall x1 |
| 9:52 | WyoDan2 · wall_segment Palisade Wall x1 |
| 10:00 | WyoDan2 · wall_segment Palisade Wall x1 |
| 10:23 | WyoDan2 · wall_segment Palisade Wall x1 |
| 10:24 | WyoDan2 · wall_segment Palisade Wall x1 |
| 10:25 | WyoDan2 · wall_segment Palisade Wall x1 |
| 10:30 | WyoDan2 · wall_segment Palisade Wall x1 |
| 10:39 | WyoDan2 · wall_segment Palisade Wall x3 |
| 11:01 | WyoDan2 · wall_segment Palisade Wall x1 |
| 11:26 | WyoDan2 · age_up feudal |
| 11:36 | WyoDan2 · wall_segment Palisade Wall x1 |
| 12:50 | WyoDan2 · first_market_sell 100 stone |
| 12:53 | VL Tou · wall_segment Stone Wall x1 |
| 12:54 | VL Tou · wall_segment Stone Wall x1 |
| 13:31 | WyoDan2 · wall_segment Palisade Wall x2 |
| 13:38 | VL Tou · wall_segment Stone Wall x1 |
| 13:40 | VL Tou · wall_segment Stone Wall x1 |
| 13:41 | VL Tou · wall_segment Stone Wall x1 |
| 14:13 | VL Tou · wall_segment Stone Wall x1 |
| 14:14 | VL Tou · wall_segment Stone Wall x1 |
| 14:14 | VL Tou · wall_segment Stone Wall x1 |
| 14:15 | VL Tou · wall_segment Stone Wall x1 |
| 14:15 | VL Tou · wall_segment Stone Wall x1 |
| 14:16 | VL Tou · wall_segment Stone Wall x1 |
| 14:17 | VL Tou · wall_segment Stone Wall x1 |
| 14:18 | VL Tou · wall_segment Stone Wall x1 |
| 14:33 | VL Tou · wall_segment Palisade Wall x1 |
| 14:33 | VL Tou · wall_segment Palisade Wall x1 |
| 14:34 | VL Tou · wall_segment Palisade Wall x1 |
| 14:34 | VL Tou · wall_segment Palisade Wall x1 |
| 14:35 | VL Tou · wall_segment Palisade Wall x1 |
| 14:35 | VL Tou · wall_segment Palisade Wall x1 |
| 14:36 | VL Tou · wall_segment Palisade Wall x2 |
| 14:36 | VL Tou · wall_segment Palisade Wall x2 |
| 14:44 | VL Tou · wall_segment Stone Wall x1 |
| 14:45 | VL Tou · wall_segment Stone Wall x1 |
| 14:45 | VL Tou · wall_segment Stone Wall x1 |
| 14:46 | VL Tou · wall_segment Stone Wall x1 |
| 14:47 | VL Tou · wall_segment Stone Wall x1 |
| 14:47 | WyoDan2 · wall_segment Palisade Wall x1 |
| 14:47 | VL Tou · wall_segment Stone Wall x1 |
| 14:48 | VL Tou · wall_segment Stone Wall x1 |
| 14:48 | VL Tou · wall_segment Stone Wall x1 |
| 15:14 | VL Tou · wall_segment Stone Wall x9 |
| 15:39 | VL Tou · wall_segment Stone Wall x1 |
| 15:40 | VL Tou · wall_segment Stone Wall x1 |
| 15:41 | VL Tou · wall_segment Stone Wall x1 |
| 15:41 | VL Tou · wall_segment Stone Wall x1 |
| 16:28 | WyoDan2 · age_up castle |
| 16:37 | WyoDan2 · first_building Castle |
| 16:48 | VL Tou · wall_segment Stone Wall x3 |
| 16:50 | WyoDan2 · wall_segment Palisade Wall x1 |
| 16:51 | WyoDan2 · wall_segment Palisade Wall x2 |
| 16:54 | WyoDan2 · wall_segment Palisade Wall x1 |
| 16:55 | WyoDan2 · wall_segment Palisade Wall x1 |
| 17:11 | WyoDan2 · wall_segment Palisade Wall x1 |
| 17:47 | WyoDan2 · first_building Monastery |
| 17:51 | VL Tou · wall_segment Stone Wall x1 |
| 17:53 | VL Tou · wall_segment Stone Wall x1 |
| 17:55 | VL Tou · wall_segment Stone Wall x1 |
| 17:56 | VL Tou · wall_segment Stone Wall x1 |
| 18:01 | VL Tou · wall_segment Stone Wall x1 |
| 19:14 | VL Tou · first_market_sell 100 food |
| 19:19 | VL Tou · first_market_buy 100 stone |
| 22:03 | WyoDan2 · wall_segment Palisade Wall x1 |
| 24:00 | VL Tou · wall_segment Stone Wall x1 |
| 24:02 | VL Tou · wall_segment Stone Wall x1 |
| 25:40 | WyoDan2 · first_market_buy 100 food |
| 28:52 | VL Tou · wall_segment Stone Wall x1 |
| 30:58 | VL Tou · wall_segment Stone Wall x4 |
| 32:24 | VL Tou · wall_segment Stone Wall x1 |
| 33:24 | VL Tou · wall_segment Palisade Wall x2 |
| 34:54 | WyoDan2 · first_building Barracks |
| 36:09 | VL Tou · wall_segment Stone Wall x1 |
| 36:10 | VL Tou · wall_segment Stone Wall x1 |
| 36:12 | VL Tou · wall_segment Stone Wall x1 |
| 36:26 | VL Tou · wall_segment Stone Wall x1 |
| 36:33 | VL Tou · wall_segment Stone Wall x1 |
| 36:34 | VL Tou · wall_segment Stone Wall x1 |
| 37:03 | WyoDan2 · first_building Stable |
| 37:55 | VL Tou · age_up castle |
| 38:21 | VL Tou · wall_segment Stone Wall x1 |
| 39:38 | WyoDan2 · first_building Siege Workshop |
| 41:43 | VL Tou · wall_segment Stone Wall x4 |
| 43:56 | VL Tou · first_building Siege Workshop |
| 54:55 | VL Tou · first_building Castle |
| 56:53 | VL Tou · age_up imperial |
[ ANÁLISIS IA · 1 CRÉDITO ]
¿Qué pasó realmente en esta partida?
Wolo.gg analiza cada decisión: build order, eco, micro, errores típicos por bracket. Análisis personalizado por WhatsApp o Discord en 30 segundos.
Guía civ
Japoneses
Perfil
Jugador #2825261